 Dungeon Crawl Stone Soup version 0.31-a0-18-gea43df2a32 (webtiles) character file.

Game seed: 8274830073950958015

64 subawu the Gusty (level 3, -3/26 HPs)
             Began as a Draconian Air Elementalist on May 9, 2023.
             Slain by Jessica
             ... wielding a +0 club
              (7 damage)
             ... on level 2 of the Dungeon on May 11, 2023.
             The game lasted 00:14:03 (2024 turns).

subawu the Gusty (Draconian Air Elementalist)       Turns: 2024, Time: 00:14:05

Health: -3/26      AC:  5    Str: 12    XL:     3   Next: 91%
Magic:  0/6        EV: 12    Int: 15    God:
Gold:   74         SH:  0    Dex: 11    Spells: 0/6 levels left

rFire   . . .        r - +0 dagger (drain)
rCold   . . .        (no shield)
rNeg    . . .        (body armour unavailable)
rPois   .            (helmet restricted)
rElec   .            (no cloak)
rCorr   .            (no gloves)
SInv    .            (no boots)
Will    .....        (no amulet)
Stlth   ++           (no ring)
HPRegen 0.24/turn    (no ring)
MPRegen 0.10/turn

%: no passive effects
@: very slightly contaminated, slowed, very slow
A: AC +5, unfitting armour, cold-blooded
a: no special abilities


You were on level 2 of the Dungeon.
You visited 1 branch of the dungeon, and saw 2 of its levels.

You collected 74 gold pieces.

Inventory:

Hand Weapons
 g - a +0 club
 k - a +0 dagger
 r - a +0 dagger of draining (weapon)
Missiles
 e - 22 stones
 s - 3 poisoned darts
Scrolls
 b - a scroll of summoning {unknown}
 c - 2 scrolls of vulnerability {unknown}
 d - a scroll of blinking {unknown}
 f - a scroll of poison {unknown}
 h - a scroll of fear
 j - 2 scrolls of magic mapping {unknown}
 m - a scroll of fog {unknown}
 n - a scroll of silence {unknown}
 o - 2 scrolls of noise {unknown}
 t - a scroll of teleportation {unknown}
Potions
 a - a potion of magic
 i - a potion of lignification {unknown}
 l - a potion of heal wounds {unknown}
 p - a potion of mutation {unknown}
 q - a potion of attraction {unknown}
 u - a potion of cancellation {unknown}


   Skills:
 + Level 0.2 Fighting
 + Level 0.4 Short Blades
 + Level 2.3 Dodging
 + Level 2.1 Stealth
 + Level 1.1 Unarmed Combat
 + Level 2.4 Spellcasting
 + Level 1.2 Conjurations
 + Level 3.5 Air Magic


You couldn't memorise any spells.
You knew the following spells:

 Your Spells              Type           Power      Damage    Failure   Level
a - Shock                 Conj/Air       32%        1d5       9%          1
b - Static Discharge      Conj/Air       16%        2-3/arc   12%         2
c - Swiftness             Air            12%        N/A       14%         3

Your spell library contained the following spells:

 Spells                   Type           Power      Damage    Failure   Level
 Kiss of Death            Conj/Necr      12%        2d6       17%         1
 Vhi's Electric Charge    Tloc/Air       14%        N/A       30%         3
 Airstrike                Air            6%         2d(1-17)  43%         4
 Death Channel            Necr           0%         N/A       100%        6
 Disjunction              Tloc           0%         N/A       100%        8


Dungeon Overview and Level Annotations

Branches:
Dungeon (2/15)

Altars:

Annotations:
D:2 Jessica


Innate Abilities, Weirdness & Mutations

Your plain brown scales are hard. (AC +5)
You cannot fit into any form of body armour.
You are cold-blooded and may be slowed by cold attacks.


Message History

You hit the giant cockroach. You drain the giant cockroach.
You kill the giant cockroach!
The bat misses you.
Jessica casts a spell.
Jessica blinks!
The kobold hits you with a +0 short sword.
The kobold hits you with a +0 short sword.
You hit the kobold.
You kill the kobold!
The bat hits you but does no damage. The bat hits you but does no damage.
Jessica points at you and mumbles some strange words.
Pain shoots through your body!
Things that are here:
a +0 short sword; a book of Cantrips; a kobold corpse The bat barely misses you.
Jessica gestures at you while chanting. Pain shoots through your body!
* * * LOW HITPOINT WARNING * * *
The bat hits you.
* * * LOW HITPOINT WARNING * * *
The bat closely misses you.
Casting: Shock (safe; 9% risk of failure)
Confirm with . or Enter, or press ? or * to list all spells.
You miscast Static Discharge.
You are very lightly contaminated with residual magic.
Nothing appears to happen.
The bat closely misses you. The bat hits you but does no damage.
Jessica closely misses you. The bat barely misses you.
Jessica closely misses you.
You hit Jessica but do no damage. You drain Jessica.
Jessica is moderately wounded.
The bat hits you but does no damage. Jessica hits you but does no damage.
You hit Jessica.
Jessica is severely wounded.
Jessica casts a spell at you.
You feel yourself slow down. The bat hits you.
* * * LOW HITPOINT WARNING * * *
Jessica hits you with a +0 club!
You die...

#..#####+#######+####..######
#..# #.. ##.#..... #..# ##..
###......# #..# ##...
##.#....... #..# ##...
##..#......# #..+ ....
##...'....... #..#
###'####....#......# ##..# #
#..@..#.....#.#...## ####.#.#
#..#..@b.#....##.##.##
....##.#
#...'?(.).'...###.##.###
####.#.# ....#..)..#..##
#..#.... #..# ... #.....#.##
#....... ##.# .. ###+#####
#..#.### ###..+ +..#.# #....#
#..#.### #.#..# #..#.รท..
#.##.# #..#.###


You could see Jessica (fast, very drained) and a bat.

Vanquished Creatures
  An adder (D:2)
  2 worms (D:2)
  4 dart slugs
  3 ball pythons (D:1)
  5 endoplasms
  2 giant cockroaches (D:2)
  2 goblins
  5 hobgoblins
  3 bats
  A frilled lizard (D:1)
  7 kobolds
  3 rats (D:2)
38 creatures vanquished.

Notes
Turn   | Place    | Note
-------+----------+-------------------------------------------
     0 | D:1      | subawu the Draconian Air Elementalist began the quest for
                  | the Orb.
     0 | D:1      | Reached XP level 1. HP: 14/14 MP: 3/3
   138 | D:1      | Reached XP level 2. HP: 20/20 MP: 0/5
   440 | D:1      | Found a faded altar of an unknown god.
   579 | D:1      | Reached skill level 1 in Unarmed Combat
  1051 | D:2      | Got Sif Muna's Excursus on Geometric Evil Secrets
  1172 | D:2      | Reached XP level 3. HP: 4/26 MP: 3/6
  1429 | D:2      | Learned a level 2 spell: Static Discharge
  1433 | D:2      | Learned a level 3 spell: Swiftness
  2007 | D:2      | Noticed Jessica
  2024 | D:2      | Slain by Jessica

Illustrated notes

Levels and vault maps discovered:
D:1:      spicycebolla_arrival_clurvy, layout_basic,
          shapermc_ecumenical_altar_mp_urbaneastern
D:2:      layout_loops_ring, minmay_quadrilaterals, uniq_jessica

Skill      XL: |  1  2 |
---------------+-------+-----
Dodging        | 2 |  2.3
Unarmed Combat | 1 |  1.1
Stealth        | 2 |  2.1
Fighting       | |  0.2
Short Blades   | |  0.4
Spellcasting   | |  2.4
Conjurations   | |  1.2
Air Magic      | |  3.5

Action                     || total
---------------------------++-------
  Melee: Unarmed           ||    44
         Tailslap          ||    17
         Dagger            ||    74
         Club              ||     5
         Punch             ||     3
   Cast: Shock             ||    33
         Swiftness         ||     1
         Static Discharge  ||     1
    Use: Scroll            ||     2
   Stab: Sleeping          ||     1
 Armour: Skin              ||    64
  Dodge: Dodged            ||   159

Table legend: (Time is in decaauts)
 A = Elapsed time spent in this place.
 B = Non-inter-level travel time spent in this place.
 C = Inter-level travel time spent in this place.
 D = Time resting spent in this place.
 E = Time spent auto-exploring this place.
 F = Levels seen in this place.
 G = Mean time per level.
                   A        B        C        D        E       F      G
               +--------+--------+--------+--------+--------+-----+--------+
         Total |   2027 |   1962 |     65 |    188 |      0 |   2 | 1013.5 |
       Dungeon |   2027 |   1962 |     65 |    188 |      0 |   2 | 1013.5 |
               +--------+--------+--------+--------+--------+-----+--------+

Top non-repeatable levels by time:
     D:1: 1016 daAuts
     D:2: 1011 daAuts
